 Dungeon Crawl Stone Soup version 0.32-a0-859-gb0a091d592 (webtiles) character file.

Game seed: 16834200009741801818

494 ragingrage the Slasher (level 6, 0/44 HPs)
             Began as a Human Warper on Mar 28, 2024.
             Was a Follower of Ru.
             Succumbed to a scorpion's poison
             ... on level 5 of the Dungeon.
             The game lasted 00:06:46 (4674 turns).

ragingrage the Slasher (Human Warper)               Turns: 4674, Time: 00:06:47

Health: 0/44       AC:  5    Str: 11    XL:     6   Next: 15%
Magic:  9/9        EV: 11    Int: 14    God:    Ru [*.....]
Gold:   143        SH:  0    Dex: 14    Spells: 7/9 levels left

rFire   . . .        a - +0 falchion
rCold   . . .        (no shield)
rNeg    . . .        b - +0 leather armour
rPois   .            i - +1 helmet
rElec   .            (no cloak)
rCorr   .            (no gloves)
SInv    +            (no boots)
Will    .....        (no amulet)
Stlth   ++           f - ring of see invisible
HPRegen 0.27/turn    (no ring)
MPRegen 0.11/turn

%: no passive effects
@: lethally poisoned (0 -> -9), hasted, very quick
A: inexperienced 1, explore regen
a: Renounce Religion


You were on level 5 of the Dungeon.
You worshipped Ru.
Ru was aware of your devotion.
You visited 1 branch of the dungeon, and saw 5 of its levels.

You collected 143 gold pieces.

Inventory:

Hand Weapons
 a - a +0 falchion (weapon)
 n - a +2 dagger of flaming
Missiles
 d - 7 darts of dispersal
 l - 3 javelins (quivered)
Armour
 b - a +0 leather armour (worn)
 i - a +1 helmet (worn)
 t - a +2 helmet
Jewellery
 f - a ring of see invisible (left hand)
Wands
 j - a wand of flame (16)
 q - a wand of paralysis (5)
Scrolls
 c - 4 scrolls of blinking
 e - 2 scrolls of identify {unknown}
 g - 2 scrolls of teleportation {unknown}
 h - 2 scrolls of amnesia {unknown}
 k - 2 scrolls of fog {unknown}
 m - 2 scrolls of torment {unknown}
 o - 2 scrolls of enchant weapon {unknown}
 r - a scroll of brand weapon {unknown}
 s - a scroll of noise {unknown}
 u - a scroll of acquirement {unknown}
 w - a scroll of vulnerability {unknown}
Potions
 p - a potion of magic


   Skills:
 - Level 2.0 Fighting
 + Level 7.2 Long Blades
 - Level 1.0 Throwing
 - Level 1.0 Armour
 - Level 2.0 Dodging
 - Level 2.0 Stealth
 - Level 2.0 Spellcasting
 - Level 3.0 Translocations


You had 7 spell levels left.
You knew the following spells:

 Your Spells              Type           Power      Damage    Failure   Level
a - Blink                 Tloc           18%        N/A       14%         2

Your spell library contained the following spells:

 Spells                   Type           Power      Damage    Failure   Level
 Lesser Beckoning         Tloc           18%        N/A       14%         2
 Teleport Other           Tloc           9%         N/A       26%         3
 Passage of Golubria      Tloc           9%         N/A       65%         4
 Hailstorm                Conj/Ice       1%         3d5       67%         3
 Summon Ice Beast         Ice/Summ       1%         N/A       67%         3
 Tukima's Dance           Hex            1%         N/A       67%         3
 Vhi's Electric Charge    Tloc/Air       10%        N/A       86%         4
 Yara's Violent Unravell  Hex/Alch       0%         3d3       100%        5
 Permafrost Eruption      Ice/Erth       0%         2x4d2     100%        6
 Sculpt Simulacrum        Ice/Alch       0%         N/A       100%        6
 Maxwell's Portable Pile  Tloc           Unusable   2d(6-12)  N/A         4

Dungeon Overview and Level Annotations

Branches:
Dungeon (5/15)
 Temple: D:4-7

Altars:
Makhleb
Okawaru
Qazlal
Ru
Wu Jian
The Shining One


Innate Abilities, Weirdness & Mutations

You are somewhat inexperienced. (-1 XL)
You regain HP and MP as you explore.


Message History

You hit the scorpion. The scorpion stings you.
You are poisoned.
The scorpion poisons you!
You hit the scorpion but do no damage.
You feel very sick.
The scorpion stings you but does no damage.
You barely miss the scorpion.
You feel sick. The scorpion stings you.
You barely miss the scorpion.
You feel sick. The scorpion stings you.
You barely miss the scorpion.
You feel sick. The scorpion closely misses you. The scorpion stings you.
You are more poisoned.
The scorpion poisons you!
You hit the scorpion but do no damage.
You feel very sick.
The scorpion stings you but does no damage.
You closely miss the scorpion.
You feel sick. The scorpion misses you.
Unknown command.
You slash the scorpion!
You feel sick.
The scorpion stings you but does no damage.
You hit the scorpion.
You feel sick. The scorpion stings you.
* * * LOW HITPOINT WARNING * * *
You are lethally poisoned!
The scorpion poisons you!
It was a potion of haste.
You feel yourself speed up.
* * * LOW HITPOINT WARNING * * *
You feel very sick. The scorpion stings you.
* * * LOW HITPOINT WARNING * * *
Unknown command.
You hit the scorpion but do no damage.
* * * LOW HITPOINT WARNING * * *
You feel very sick.
The scorpion stings you but does no damage.
You hit the scorpion but do no damage.
* * * LOW HITPOINT WARNING * * *
You feel sick.
The scorpion stings you but does no damage.
You closely miss the scorpion.
You die...
Ru respects your ultimate sacrifice.

...#...#...#.###.#
#.#.#.#.#.#.....##
###.#.#.#.#.#......#
..#.#.#.#.#.#.....#
...#...#...#......#
...#...#...##.....#
...#...#...#.###.#...
....#.#.#.#.....## .
....#.#.#.#.....@#
....#.#.#.#.....#s....#
.....#...#......#.....)#
....##...##.....#..<..#.
#.###.#.....(# #..
.###.....# #.. ..
###.#.. # .. ###(


You could see a scorpion.

Vanquished Creatures
  A sky beast (D:4)
  A phantom (D:4)
  A scorpion (D:4)
  A crimson imp (D:3)
  Ijyb (D:4)
  A sleepcap (D:4)
  4 gnolls (D:4)
  4 adders
  A ribbon worm (D:4)
  11 dart slugs
  5 orcs
  8 endoplasms
  3 giant cockroaches (D:4)
  2 goblins
  5 hobgoblins
  4 jackals (D:3)
  A quokka (D:2)
  4 ball pythons
  9 bats
  2 frilled lizards
  2 goblin skeletons (D:3)
  A goblin zombie (D:3)
  3 hobgoblin zombies (D:3)
  8 kobolds
  3 orc skeletons (D:3)
  3 rats
89 creatures vanquished.

Notes
Turn   | Place    | Note
-------+----------+-------------------------------------------
     0 | D:1      | ragingrage the Human Warper began the quest for the Orb.
     0 | D:1      | Reached XP level 1. HP: 16/16 MP: 3/3
   349 | D:1      | Reached skill level 1 in Stealth
   349 | D:1      | Reached XP level 2. HP: 19/22 MP: 5/5
  1172 | D:2      | Reached XP level 3. HP: 27/27 MP: 6/6
  1222 | D:2      | Found a sacrificial altar of Ru.
  1347 | D:2      | Became a worshipper of Ru the Awakened
  1786 | D:2      | Reached skill level 3 in Long Blades
  2046 | D:3      | Learned a level 2 spell: Blink
  2113 | D:3      | Found an ornate altar of the Wu Jian Council.
  2196 | D:3      | Reached XP level 4. HP: 33/33 MP: 7/7
  2274 | D:3      | Reached skill level 4 in Long Blades
  2309 | D:3      | Found a glowing golden altar of the Shining One.
  2418 | D:3      | Reached XP level 5. HP: 33/38 MP: 8/8
  2721 | D:3      | Found a burning altar of Makhleb.
  2913 | D:3      | Found a faded altar of an unknown god.
  3148 | D:4      | Gained mutation: You are somewhat inexperienced. (-1 XL)
                  | [Ru sacrifice]
  3148 | D:4      | Reached XP level 4. HP: 33/33 MP: 7/7
  3148 | D:4      | Reached * piety under Ru
  3226 | D:4      | Reached skill level 5 in Long Blades
  3480 | D:4      | Found Roguap's Distillery.
  3529 | D:4      | Reached XP level 5. HP: 26/38 MP: 8/8
  3648 | D:4      | Noticed Ijyb
  3731 | D:4      | Killed Ijyb
  3732 | D:4      | Reached skill level 6 in Long Blades
  3913 | D:4      | Found a stormy altar of Qazlal.
  4247 | D:4      | Noticed a sky beast
  4252 | D:4      | Killed a sky beast
  4253 | D:4      | Reached skill level 7 in Long Blades
  4253 | D:4      | Reached XP level 6. HP: 37/44 MP: 9/9
  4450 | D:5      | Entered Level 5 of the Dungeon
  4456 | D:5      | Found a sacrificial altar of Ru.
  4552 | D:5      | Found an iron altar of Okawaru.
  4672 | D:5      | HP: 2/44 [poisoned by a scorpion]
  4674 | D:5      | Succumbed to a scorpion's poison

Illustrated notes

Levels and vault maps discovered:
D:1:      dpeg_arrival_snail, layout_basic, serial_bayou_pond_a,
          minmay_distorted
D:2:      layout_basic, basic_altar, corexii_hall_statues_i,
          chequers_hall_statues_wall_a, nicolae_the_louvre
D:3:      kennysheep_slugbush, layout_rooms, nicolae_tso_besieged_by_evil,
          lemuel_coloured_pillars_altar, lemuel_tele_altar,
          shapermc_ecumenical_altar_mp_ritualfount,
          chequers_serial_rivers_micro_b
D:4:      layout_basic, mainiacjoe_overflow_concentric_impassable, serial_shops,
          nicolae_shop_tiny_waterfront, nicolae_zen_rock_garden, uniq_ijyb
D:5:      nicolae_BIG_FREAKIN_CUBE, layout_gridville,
          mainiacjoe_overflow_chevrons, nicolae_ru_sacrificial_ziggurat,
          mainiacjoe_overflow_surrounded_room, mainiacjoe_overflow_24_doors,
          minmay_temple_entry_overgrown

Skill      XL: |  1  2  3  4  5 |
---------------+----------------+-----
Stealth        | 1 2 |  2.0
Long Blades    | 3 5 7 |  7.2
Fighting       | |  2.0
Throwing       | |  1.0
Armour         | |  1.0
Dodging        | |  2.0
Spellcasting   | |  2.0
Translocations | |  3.0

Action                     |  1- 3 |  4- 6 || total
---------------------------+-------+-------++-------
  Melee: Falchion          |   190 |   256 ||   446
         Dagger            |       |     1 ||     1
  Throw: Javelin           |       |     6 ||     6
 Invoke: Sacrifice Experie |       |     1 ||     1
  Evoke: Wand              |       |     4 ||     4
    Use: Potion            |     2 |     7 ||     9
         Scroll            |       |     1 ||     1
   Stab: Sleeping          |     2 |     3 ||     5
         Invisible         |     1 |       ||     1
         Paralysed         |       |     4 ||     4
         Distracted        |       |     1 ||     1
 Armour: Leather armour    |   142 |   170 ||   312
  Dodge: Dodged            |   144 |   137 ||   281

Table legend: (Time is in decaauts)
 A = Elapsed time spent in this place.
 B = Non-inter-level travel time spent in this place.
 C = Inter-level travel time spent in this place.
 D = Time resting spent in this place.
 E = Time spent auto-exploring this place.
 F = Levels seen in this place.
 G = Mean time per level.
                   A        B        C        D        E       F      G
               +--------+--------+--------+--------+--------+-----+--------+
         Total |   4743 |   4321 |    422 |    312 |   2764 |   5 |  948.6 |
       Dungeon |   4743 |   4321 |    422 |    312 |   2764 |   5 |  948.6 |
               +--------+--------+--------+--------+--------+-----+--------+

Top non-repeatable levels by time:
     D:4: 1336 daAuts
     D:3: 1171 daAuts
     D:1: 1032 daAuts
     D:2: 979 daAuts
     D:5: 223 daAuts
